WCHLSIM.com - West Coast Hockey League
html PUBLIC "-//W3C//DTD XHTML 1.0 Transitional//EN" "http://www.w3.org/TR/xhtml1/DTD/xhtml1-transitional.dtd"> WCHL - Game 862 - SASKATOON DUCKS vs BANFF WOLVES

SASKATOON DUCKS vs BANFF WOLVES

Created - 20 février 2024 at 20:47

Goals
1 2 3 OT1 T
SASKATOON DUCKS 2 2 0 1 5
BANFF WOLVES 1 1 2 0 4
Shots
1 2 3 OT1 T
SASKATOON DUCKS 8 10 7 1 26
BANFF WOLVES 12 9 9 0 30

1st period

1. SASKATOON DUCKS , Sidney Crosby 30 (Ivan Barbashev 23, Jake Sanderson 35) at 0:32
2. SASKATOON DUCKS , Jake Guentzel 14 (Sidney Crosby 31, Ben Chiarot 9) at 7:24
3. BANFF WOLVES , Tyler Toffoli 22 (Jordan Staal 13) at 15:47

Penalties :
Samuel Girard (SAS) for Tripping (Minor) at 8:07

2nd period

4. BANFF WOLVES , Miro Heiskanen 8 (Joel Eriksson Ek 35, Quinton Hughes 40) at 12:50
5. SASKATOON DUCKS , Kailer Yamamoto 10 (Nils Aman 2, Kasperi Kapanen 11) at 13:37
6. SASKATOON DUCKS , Mathieu Joseph 13 (John Tavares 22, Ryan Strome 13) at 17:25

Penalties :
No Penalty

3rd period

7. BANFF WOLVES , Mats Zuccarello 25 (Elias Lindholm 36, Artemi Panarin 18) at 16:10 (PP)
8. BANFF WOLVES , Roope Hintz 15 (Joel Eriksson Ek 36, Timo Meier 20) at 18:27

Penalties :
Nick Leddy (BAN) for Cross-checking (Minor) at 2:27, Joey Daccord (BAN) for Slashing (Minor) at 10:22 - Timo Meier served the penalty., Samuel Girard (SAS) for High sticking (Minor) at 15:10, Jake Sanderson (SAS) for Roughing (Minor) at 18:36

Overtime #1

9. SASKATOON DUCKS , Sidney Crosby 31 (John Tavares 23, Jake Sanderson 36) at 3:24

Penalties :
No Penalty

Goalie Stats

Petr Mrazek (SAS), 26 saves from 30 shots - (0,867), W, 16-10-2, 63:25 minutes
Joey Daccord (BAN), 8 saves from 9 shots - (0,889), OTL, 2-0-1, 26:00 minutes
Jordan Binnington (BAN), 13 saves from 17 shots - (0,765), 37:25 minutes

Players Stats for SASKATOON DUCKS

Player Name              G  A  P  +/- PIM S  H  SB GA TA FO     MP     PP MP  PK MP  
------------------------------------------------------------------------------------
Ben Chiarot              0  1  1   0  0   0  2  2  0  0  0/0    21:48   2:00   1:55 
Chris Tanev              0  0  0   0  0   1  0  2  0  0  0/0    22:12   2:00   2:56 
Ivan Barbashev           0  1  1   1  0   1  2  2  0  0  4/7    25:09   1:59   1:15 
Jake Guentzel            1  0  1   1  0   3  1  0  0  0  0/1    20:38   1:59   0:07 
Jake Sanderson           0  2  2   2  2   2  0  0  0  0  0/0    25:44   1:58   2:07 
Jaycob Megna             0  0  0   0  0   1  1  0  0  0  0/0    15:34   0:00   1:26 
John Tavares             0  2  2   1  0   3  0  0  0  0  8/15   22:28   1:59   1:15 
Kailer Yamamoto          1  0  1   0  0   2  0  0  0  0  0/2    13:41   0:00   0:58 
Kasperi Kapanen          0  1  1   0  0   2  1  0  0  0  0/1    12:43   0:00   0:00 
Mathieu Joseph           1  0  1   0  0   4  1  0  0  0  1/2    23:33   1:59   3:07 
Matt Martin              0  0  0   0  0   0  0  0  0  0  0/0     3:36   0:00   0:00 
Milan Lucic              0  0  0   0  0   0  0  0  0  0  1/1     3:36   0:00   0:00 
Nils Aman                0  1  1   0  0   0  1  0  0  0  4/14   12:43   0:00   0:00 
Robert Hagg              0  0  0   0  0   0  0  0  0  0  0/0     0:00   0:00   0:00 
Ryan Strome              0  1  1   0  0   0  0  0  0  0  1/5    20:26   1:59   0:00 
Samuel Girard            0  0  0   1  4   0  1  0  0  0  0/0    24:32   1:58   1:32 
Sidney Crosby            2  1  3   2  0   7  0  0  0  0  14/26  23:19   1:59   2:38 
Simon Benoit             0  0  0   0  0   0  2  1  0  0  0/0    14:08   0:00   0:00 

Players Stats for BANFF WOLVES

Player Name              G  A  P  +/- PIM S  H  SB GA TA FO     MP     PP MP  PK MP  
------------------------------------------------------------------------------------
Adam Henrique            0  0  0  -2  0   6  1  0  0  0  0/1    16:41   0:00   1:40 
Artemi Panarin           0  1  1  -1  0   2  0  0  0  0  0/0    20:40   2:32   0:00 
Cam Fowler               0  0  0   1  0   0  2  1  0  0  0/0    22:26   0:00   2:27 
Elias Lindholm           0  1  1  -1  0   0  3  0  0  0  18/30  22:20   2:32   1:40 
Eric Staal               0  0  0   0  0   0  0  0  0  0  0/0     4:50   0:00   0:00 
Ian Cole                 0  0  0  -1  0   0  2  0  0  0  0/0    13:44   0:00   1:31 
Jason Dickinson          0  0  0   0  0   2  0  0  0  0  0/0     4:50   0:00   0:00 
Joel Eriksson Ek         0  2  2   0  0   3  1  0  0  0  14/26  25:05   1:50   2:18 
Jordan Staal             0  1  1  -1  0   0  1  0  0  0  8/15   14:38   0:00   0:00 
Mats Zuccarello          1  0  1  -1  0   5  2  0  0  0  0/0    20:22   2:32   0:00 
Miro Heiskanen           1  0  1  -2  0   3  0  1  0  0  0/0    25:47   2:45   1:31 
Nick Leddy               0  0  0  -1  2   0  0  1  0  0  0/0    12:12   0:00   0:00 
Quinton Hughes           0  1  1  -1  0   1  2  1  0  0  0/0    24:39   2:45   0:00 
Roman Josi               0  0  0   1  0   3  3  1  0  0  0/0    23:35   1:37   2:27 
Roope Hintz              1  0  1   1  0   1  0  1  0  0  0/0    21:01   1:37   2:18 
Timo Meier               0  1  1   1  0   1  1  0  0  0  0/1    17:34   1:50   0:00 
Tyler Toffoli            1  0  1  -1  0   3  0  0  0  0  1/1    16:28   1:50   0:00 
Zach Parise              0  0  0   0  0   0  0  0  0  0  0/0     0:00   0:00   0:00 

3 Stars

1 - Sidney Crosby (SAS)
2 - Jake Guentzel (SAS)
3 - John Tavares (SAS)

Power Play

SASKATOON DUCKS - 0 on 2 Attempt(s) - 0,00%
BANFF WOLVES - 1 on 3 Attempt(s) - 33,33%

Penalty Kill

SASKATOON DUCKS - 2 on 3 Attempt(s) - 66,67% - Score 0 goal in Penalty Kill
BANFF WOLVES - 2 on 2 Attempt(s) - 100,00% - Score 0 goal in Penalty Kill

Team Stat

SASKATOON DUCKS - Hits : 12 - Faceoff Wins : 33 - Blocked Shots : 7 - Penalty Minutes : 6
BANFF WOLVES - Hits : 18 - Faceoff Wins : 41 - Blocked Shots : 6 - Penalty Minutes : 4

Official

Referees : Gord Dwyer and Garrett Rank
Linesman : Ryan Daisy and Brad Kovachik

Game Notes

Joey Daccord enters game at 17:25 of 2nd period

Finance

Level 1 -- Attendance: 6293 (89,26%) -- Ticket Income 786 625 $
Level 2 -- Attendance: 5373 (90,21%) -- Ticket Income 537 300 $
Level 3 -- Attendance: 2340 (100,00%) -- Ticket Income 140 400 $
Level 4 -- Attendance: 4706 (94,12%) -- Ticket Income 211 770 $
Luxury Box -- Attendance: 944 (88,64%) -- Ticket Income 259 600 $
Game was played at the Rocky Mountains Sports Complex.
Total Attendance: 19656 (91,80%)
Total Ticket Income: 1 935 695 $
Other Expense: 19 357 $
Total Income: 1 916 338 $

SASKATOON DUCKS

5 vs 5 Forward 
   Center                   Left Wing                Right Wing               Time % Phy DF OF 
 1 Sidney Crosby            Ivan Barbashev           Jake Guentzel            36     1   2  2  
 2 John Tavares             Mathieu Joseph           Ryan Strome              36     1   2  2  
 3 Nils Aman                Kasperi Kapanen          Kailer Yamamoto          23     1   2  2  
 4 Ivan Barbashev           Milan Lucic              Matt Martin              5      1   2  2  

5 vs 5 Defense 
   Defense                  Defense                                           Time % Phy DF OF 
 1 Samuel Girard            Jake Sanderson                                    36     1   2  2  
 2 Ben Chiarot              Chris Tanev                                       31     1   2  2  
 3 Simon Benoit             Jaycob Megna                                      23     1   2  2  
 4 Samuel Girard            Jake Sanderson                                    10     1   2  2  

PowerPlay Forward 
   Center                   Left Wing                Right Wing               Time % Phy DF OF 
 1 Sidney Crosby            John Tavares             Jake Guentzel            55     1   2  2  
 2 Ryan Strome              Mathieu Joseph           Ivan Barbashev           45     1   2  2  

PowerPlay Defense
   Defense                  Defense                                           Time % Phy DF OF 
 1 Samuel Girard            Jake Sanderson                                    55     1   2  2  
 2 Ben Chiarot              Chris Tanev                                       45     1   2  2  

Penalty Kill 4 Players Forward 
   Center                   Wing                     Time % Phy DF OF 
 1 Sidney Crosby            Mathieu Joseph           55     1   2  2  
 2 John Tavares             Ivan Barbashev           45     1   2  2  

Penalty Kill 4 Players Defense
   Defense                  Defense                  Time % Phy DF OF 
 1 Samuel Girard            Jake Sanderson           55     1   2  2  
 2 Ben Chiarot              Chris Tanev              45     1   2  2  

Penalty Kill - 3 Players Forward 
   Forward                                           Time % Phy DF OF 
 1 Sidney Crosby                                     55     1   2  2  
 2 John Tavares                                      45     1   2  2  

Penalty Kill - 3 Players Defense
   Defense                  Defense                  Time % Phy DF OF 
 1 Samuel Girard            Jake Sanderson           55     1   2  2  
 2 Ben Chiarot              Chris Tanev              45     1   2  2  

4 vs 4 Forward 
   Center                   Wing                     Time % Phy DF OF 
 1 Sidney Crosby            John Tavares             55     1   2  2  
 2 Jake Guentzel            Ivan Barbashev           45     1   2  2  

4 vs 4 Defense
   Defense                  Defense                  Time % Phy DF OF 
 1 Samuel Girard            Jake Sanderson           55     1   2  2  
 2 Ben Chiarot              Chris Tanev              45     1   2  2  

Last Minutes Offensive
   Center                   Left Wing                Right Wing               Defense                  Defense                  
   Sidney Crosby            John Tavares             Jake Guentzel            Samuel Girard            Jake Sanderson           

Last Minutes Defensive
   Center                   Left Wing                Right Wing               Defense                  Defense                  
   Sidney Crosby            John Tavares             Jake Guentzel            Samuel Girard            Jake Sanderson           

Goaltenders
Starting : Petr Mrazek              
Backup : Tristan Jarry            

Extra Forwards
Normal : John Tavares, Sidney Crosby, Jake Guentzel - PP : John Tavares, Sidney Crosby - PK : Sidney Crosby
Extra Defensemen
Normal : Jake Sanderson, Samuel Girard, Ben Chiarot - PP : Chris Tanev - PK : Chris Tanev, Ben Chiarot
Penalty Shots
Sidney Crosby, John Tavares, Jake Guentzel, Ivan Barbashev, Mathieu Joseph
Custom OT Lines Forwards
Sidney Crosby, John Tavares, Jake Guentzel, Ivan Barbashev, Mathieu Joseph, Ryan Strome, Nils Aman, Kasperi Kapanen, Kailer Yamamoto, Matt Martin
Custom OT Lines Defensemen
Samuel Girard, Jake Sanderson, Ben Chiarot, Simon Benoit, Chris Tanev

Scratches
Marian Studenic (Healthy)

BANFF WOLVES

5 vs 5 Forward 
   Center                   Left Wing                Right Wing               Time % Phy DF OF 
 1 Elias Lindholm           Artemi Panarin           Mats Zuccarello          34     0   1  4  
 2 Joel Eriksson Ek         Roope Hintz              Timo Meier               32     0   1  4  
 3 Jordan Staal             Adam Henrique            Tyler Toffoli            29     0   1  4  
 4 Joel Eriksson Ek         Jason Dickinson          Eric Staal               5      0   4  1  

5 vs 5 Defense 
   Defense                  Defense                                           Time % Phy DF OF 
 1 Quinton Hughes           Miro Heiskanen                                    41     0   1  4  
 2 Roman Josi               Cam Fowler                                        41     0   1  4  
 3 Ian Cole                 Nick Leddy                                        9      1   3  1  
 4 Quinton Hughes           Miro Heiskanen                                    9      0   0  5  

PowerPlay Forward 
   Center                   Left Wing                Right Wing               Time % Phy DF OF 
 1 Elias Lindholm           Artemi Panarin           Mats Zuccarello          60     0   0  5  
 2 Joel Eriksson Ek         Tyler Toffoli            Timo Meier               40     0   0  5  

PowerPlay Defense
   Defense                  Defense                                           Time % Phy DF OF 
 1 Quinton Hughes           Miro Heiskanen                                    60     0   0  5  
 2 Roman Josi               Roope Hintz                                       40     0   0  5  

Penalty Kill 4 Players Forward 
   Center                   Wing                     Time % Phy DF OF 
 1 Joel Eriksson Ek         Roope Hintz              50     0   5  0  
 2 Elias Lindholm           Adam Henrique            50     0   5  0  

Penalty Kill 4 Players Defense
   Defense                  Defense                  Time % Phy DF OF 
 1 Miro Heiskanen           Ian Cole                 50     0   5  0  
 2 Roman Josi               Cam Fowler               50     0   5  0  

Penalty Kill - 3 Players Forward 
   Forward                                           Time % Phy DF OF 
 1 Elias Lindholm                                    50     0   5  0  
 2 Joel Eriksson Ek                                  50     0   5  0  

Penalty Kill - 3 Players Defense
   Defense                  Defense                  Time % Phy DF OF 
 1 Cam Fowler               Roman Josi               50     0   5  0  
 2 Quinton Hughes           Miro Heiskanen           50     0   5  0  

4 vs 4 Forward 
   Center                   Wing                     Time % Phy DF OF 
 1 Elias Lindholm           Artemi Panarin           55     0   1  4  
 2 Joel Eriksson Ek         Mats Zuccarello          45     0   1  4  

4 vs 4 Defense
   Defense                  Defense                  Time % Phy DF OF 
 1 Miro Heiskanen           Roman Josi               55     0   1  4  
 2 Quinton Hughes           Cam Fowler               45     0   1  4  

Last Minutes Offensive
   Center                   Left Wing                Right Wing               Defense                  Defense                  
   Elias Lindholm           Artemi Panarin           Mats Zuccarello          Quinton Hughes           Roman Josi               

Last Minutes Defensive
   Center                   Left Wing                Right Wing               Defense                  Defense                  
   Elias Lindholm           Adam Henrique            Mats Zuccarello          Roman Josi               Miro Heiskanen           

Goaltenders
Starting : Jordan Binnington        
Backup : Joey Daccord             

Extra Forwards
Normal : Artemi Panarin, Mats Zuccarello, Elias Lindholm - PP : Mats Zuccarello, Artemi Panarin - PK : Roope Hintz
Extra Defensemen
Normal : Quinton Hughes, Miro Heiskanen, Roman Josi - PP : Quinton Hughes - PK : Roman Josi, Miro Heiskanen
Penalty Shots
Elias Lindholm, Mats Zuccarello, Artemi Panarin, Joel Eriksson Ek, Roope Hintz
Custom OT Lines Forwards
Artemi Panarin, Mats Zuccarello, Elias Lindholm, Roope Hintz, Joel Eriksson Ek, Adam Henrique, Tyler Toffoli, Jason Dickinson, Timo Meier, Jordan Staal
Custom OT Lines Defensemen
Quinton Hughes, Cam Fowler, Miro Heiskanen, Roman Josi, Nick Leddy

Scratches
Adam Erne (Healthy), Jeremy Swayman (Healthy)

% Time on Ice - SASKATOON DUCKS

Lines # - Real PCT - Wanted PCT - Time Play
Normal Forward
1 - 34% - 36% - 17:31
2 - 35% - 36% - 17:50
3 - 25% - 23% - 12:43
4 - 7% - 5% - 3:36
Normal Defense
1 - 34% - 36% - 17:27
2 - 33% - 31% - 17:16
3 - 27% - 23% - 14:08
4 - 5% - 10% - 2:49
PP Forward
1 - 50% - 55% - 1:59
2 - 50% - 45% - 1:59
PP Defense
1 - 50% - 55% - 1:58
2 - 50% - 45% - 2:00
PK Forward
1 - 71% - 55% - 3:07
2 - 29% - 45% - 1:15
PK Defense
1 - 92% - 55% - 4:00
2 - 8% - 45% - 0:22
PK3 Forward
1 - 100% - 55% - 0:36
2 - 0% - 45% - 0:00
PK3 Defense
1 - 100% - 55% - 0:36
2 - 0% - 45% - 0:00
44 Forward
1 - 0% - 55%
2 - 0% - 45%
44 Defense
1 - 0% - 55%
2 - 0% - 45%
Last Minute Offensive  - 0:00
Last Minute Defensive  - 0:00
Total
Forward - 60:36
Defense - 60:36

% Time on Ice - BANFF WOLVES

Lines # - Real PCT - Wanted PCT - Time Play
Normal Forward
1 - 32% - 34% - 16:28
2 - 30% - 32% - 15:44
3 - 28% - 29% - 14:38
4 - 9% - 5% - 4:50
Normal Defense
1 - 37% - 41% - 19:16
2 - 37% - 41% - 18:55
3 - 24% - 9% - 12:13
4 - 2% - 9% - 1:16
PP Forward
1 - 58% - 60% - 2:32
2 - 42% - 40% - 1:50
PP Defense
1 - 63% - 60% - 2:45
2 - 37% - 40% - 1:37
PK Forward
1 - 58% - 50% - 2:18
2 - 42% - 50% - 1:40
PK Defense
1 - 38% - 50% - 1:31
2 - 62% - 50% - 2:27
PK3 Forward
1 - 0% - 50%
2 - 0% - 50%
PK3 Defense
1 - 0% - 50%
2 - 0% - 50%
44 Forward
1 - 100% - 55% - 0:36
2 - 0% - 45% - 0:00
44 Defense
1 - 100% - 55% - 0:36
2 - 0% - 45% - 0:00
Last Minute Offensive  - 0:00
Last Minute Defensive  - 0:00
Total
Forward - 60:36
Defense - 60:36

Play-by-Play

1st period


0:01 of 1st period - Elias Lindholm wins face-off versus Ivan Barbashev in neutral zone.
0:18 of 1st period - Shot by Ivan Barbashev.
0:18 of 1st period - Stopped by Jordan Binnington with a rebound.
0:20 of 1st period - Shot by Sidney Crosby.
0:20 of 1st period - Stopped by Jordan Binnington with a rebound.
0:28 of 1st period - Shot by Sidney Crosby.
0:28 of 1st period - Shot Misses the Net.
0:30 of 1st period - Shot by Ivan Barbashev.
0:30 of 1st period - Shot Blocked by Quinton Hughes.
0:32 of 1st period - Shot by Sidney Crosby.
0:32 of 1st period - Goal by Sidney Crosby - SASKATOON DUCKS : 1 - BANFF WOLVES : 0.
0:33 of 1st period - John Tavares wins face-off versus Joel Eriksson Ek in neutral zone.
0:50 of 1st period - Shot by Timo Meier.
0:50 of 1st period - Shot Misses the Net.
1:15 of 1st period - Roope Hintz is hit by Ben Chiarot and loses puck.
4:32 of 1st period - Jake Sanderson is hit by Timo Meier and loses puck.
4:48 of 1st period - Icing by Jake Sanderson.
4:49 of 1st period - Jordan Staal wins face-off versus Sidney Crosby in SASKATOON DUCKS zone.
6:07 of 1st period - Shot by Kasperi Kapanen.
6:07 of 1st period - Stopped by Jordan Binnington without a rebound.
6:08 of 1st period - Elias Lindholm wins face-off versus Ivan Barbashev in BANFF WOLVES zone.
6:18 of 1st period - Shot by Artemi Panarin.
6:18 of 1st period - Stopped by Petr Mrazek without a rebound.
6:19 of 1st period - Elias Lindholm wins face-off versus Nils Aman in SASKATOON DUCKS zone.
6:30 of 1st period - Shot by Jake Sanderson.
6:30 of 1st period - Stopped by Jordan Binnington without a rebound.
6:31 of 1st period - Joel Eriksson Ek wins face-off versus Ryan Strome in BANFF WOLVES zone.
6:37 of 1st period - Miro Heiskanen is hit by Simon Benoit and loses puck.
7:24 of 1st period - Shot by Jake Guentzel.
7:24 of 1st period - Goal by Jake Guentzel - SASKATOON DUCKS : 2 - BANFF WOLVES : 0.
7:25 of 1st period - Elias Lindholm wins face-off versus Nils Aman in neutral zone.
7:57 of 1st period - Samuel Girard is hit by Mats Zuccarello and loses puck.
8:07 of 1st period - Minor Penalty to Samuel Girard for Tripping.
8:08 of 1st period - Joel Eriksson Ek wins face-off versus Sidney Crosby in SASKATOON DUCKS zone.
8:19 of 1st period - Shot by Timo Meier.
8:19 of 1st period - Shot Misses the Net.
8:35 of 1st period - Shot by Quinton Hughes.
8:35 of 1st period - Shot Misses the Net.
9:27 of 1st period - Shot by Roman Josi.
9:27 of 1st period - Stopped by Petr Mrazek without a rebound.
9:28 of 1st period - Joel Eriksson Ek wins face-off versus John Tavares in SASKATOON DUCKS zone.
9:47 of 1st period - Shot by Miro Heiskanen.
9:47 of 1st period - Stopped by Petr Mrazek without a rebound.
9:48 of 1st period - Sidney Crosby wins face-off versus Elias Lindholm in SASKATOON DUCKS zone.
10:21 of 1st period - Shot by Adam Henrique.
10:21 of 1st period - Stopped by Petr Mrazek without a rebound.
10:22 of 1st period - Ivan Barbashev wins face-off versus Joel Eriksson Ek in SASKATOON DUCKS zone.
10:46 of 1st period - Shot by Joel Eriksson Ek.
10:46 of 1st period - Deflect By Jason Dickinson.
10:46 of 1st period - Stopped by Petr Mrazek with a rebound.
10:48 of 1st period - Shot by Joel Eriksson Ek.
10:48 of 1st period - Stopped by Petr Mrazek without a rebound.
10:49 of 1st period - Elias Lindholm wins face-off versus John Tavares in SASKATOON DUCKS zone.
11:23 of 1st period - Shot by Roman Josi.
11:23 of 1st period - Stopped by Petr Mrazek without a rebound.
11:24 of 1st period - Sidney Crosby wins face-off versus Jordan Staal in SASKATOON DUCKS zone.
11:33 of 1st period - Shot by Jake Guentzel.
11:33 of 1st period - Shot Misses the Net.
12:59 of 1st period - Shot by Roope Hintz.
12:59 of 1st period - Shot Blocked by Ben Chiarot.
13:01 of 1st period - Shot by Joel Eriksson Ek.
13:01 of 1st period - Shot Blocked by Ben Chiarot.
13:03 of 1st period - Shot by Roman Josi.
13:03 of 1st period - Shot Misses the Net.
13:31 of 1st period - Shot by Mats Zuccarello.
13:31 of 1st period - Shot Misses the Net.
14:16 of 1st period - Shot by Adam Henrique.
14:16 of 1st period - Stopped by Petr Mrazek with a rebound.
14:19 of 1st period - Icing by Jake Sanderson.
14:20 of 1st period - Milan Lucic wins face-off versus Joel Eriksson Ek in SASKATOON DUCKS zone.
15:19 of 1st period - Icing by Chris Tanev.
15:20 of 1st period - John Tavares wins face-off versus Elias Lindholm in SASKATOON DUCKS zone.
15:45 of 1st period - Shot by Mats Zuccarello.
15:45 of 1st period - Stopped by Petr Mrazek without a rebound.
15:46 of 1st period - Jordan Staal wins face-off versus Nils Aman in SASKATOON DUCKS zone.
15:47 of 1st period - Shot by Tyler Toffoli.
15:47 of 1st period - Goal by Tyler Toffoli - SASKATOON DUCKS : 2 - BANFF WOLVES : 1.
15:48 of 1st period - Joel Eriksson Ek wins face-off versus Sidney Crosby in neutral zone.
16:02 of 1st period - Roope Hintz is hit by Jake Guentzel.
17:06 of 1st period - Shot by Tyler Toffoli.
17:06 of 1st period - Shot Misses the Net.
17:08 of 1st period - Shot by Miro Heiskanen.
17:08 of 1st period - Stopped by Petr Mrazek without a rebound.
17:09 of 1st period - Elias Lindholm wins face-off versus Nils Aman in SASKATOON DUCKS zone.
18:08 of 1st period - Shot by Mathieu Joseph.
18:08 of 1st period - Shot Misses the Net.
18:24 of 1st period - Artemi Panarin is hit by Ben Chiarot.
18:36 of 1st period - Shot by Mathieu Joseph.
18:36 of 1st period - Stopped by Jordan Binnington without a rebound.
18:37 of 1st period - Joel Eriksson Ek wins face-off versus Sidney Crosby in BANFF WOLVES zone.
18:39 of 1st period - Quinton Hughes is hit by Ivan Barbashev and loses puck.
18:44 of 1st period - Shot by Sidney Crosby.
18:44 of 1st period - Stopped by Jordan Binnington without a rebound.
18:45 of 1st period - Joel Eriksson Ek wins face-off versus Sidney Crosby in BANFF WOLVES zone.
19:34 of 1st period - Shot by Joel Eriksson Ek.
19:34 of 1st period - Stopped by Petr Mrazek with a rebound.
Goals for this period are 2 for SASKATOON DUCKS vs 1 for BANFF WOLVES.
Shots for this period are 8 for SASKATOON DUCKS vs 12 for BANFF WOLVES.

2nd period


0:01 of 2nd period - Jordan Staal wins face-off versus Sidney Crosby in neutral zone.
0:33 of 2nd period - Icing by Jake Guentzel.
0:34 of 2nd period - Sidney Crosby wins face-off versus Timo Meier in SASKATOON DUCKS zone.
1:51 of 2nd period - Shot by Mathieu Joseph.
1:51 of 2nd period - Stopped by Jordan Binnington without a rebound.
1:52 of 2nd period - Jordan Staal wins face-off versus Kasperi Kapanen in BANFF WOLVES zone.
1:52 of 2nd period - Jordan Staal is hit by Kasperi Kapanen.
2:04 of 2nd period - Shot by Tyler Toffoli.
2:04 of 2nd period - Shot Misses the Net.
2:32 of 2nd period - Shot by Kailer Yamamoto.
2:32 of 2nd period - Stopped by Jordan Binnington without a rebound.
2:33 of 2nd period - Elias Lindholm wins face-off versus John Tavares in BANFF WOLVES zone.
4:03 of 2nd period - Jake Guentzel is hit by Cam Fowler.
4:06 of 2nd period - Sidney Crosby is hit by Roman Josi and loses puck.
4:51 of 2nd period - Ian Cole is hit by Ivan Barbashev and loses puck.
4:58 of 2nd period - Shot by Tyler Toffoli.
4:58 of 2nd period - Shot Blocked by Ivan Barbashev.
5:00 of 2nd period - Shot by Adam Henrique.
5:00 of 2nd period - Deflect By Tyler Toffoli.
5:00 of 2nd period - Shot Misses the Net.
5:08 of 2nd period - Shot by Adam Henrique.
5:08 of 2nd period - Stopped by Petr Mrazek without a rebound.
5:09 of 2nd period - Nils Aman wins face-off versus Elias Lindholm in SASKATOON DUCKS zone.
6:12 of 2nd period - Mathieu Joseph is hit by Ian Cole and loses puck.
6:23 of 2nd period - Shot by Adam Henrique.
6:23 of 2nd period - Stopped by Petr Mrazek without a rebound.
6:24 of 2nd period - Joel Eriksson Ek wins face-off versus Ivan Barbashev in SASKATOON DUCKS zone.
7:07 of 2nd period - Shot by Jason Dickinson.
7:07 of 2nd period - Stopped by Petr Mrazek without a rebound.
7:08 of 2nd period - John Tavares wins face-off versus Jordan Staal in SASKATOON DUCKS zone.
7:08 of 2nd period - John Tavares is hit by Jordan Staal.
9:34 of 2nd period - Shot by Jake Guentzel.
9:34 of 2nd period - Shot Blocked by Nick Leddy.
9:36 of 2nd period - Shot by Jake Guentzel.
9:36 of 2nd period - Shot Misses the Net.
9:38 of 2nd period - Shot by Sidney Crosby.
9:38 of 2nd period - Shot Misses the Net.
10:22 of 2nd period - Shot by John Tavares.
10:22 of 2nd period - Stopped by Jordan Binnington without a rebound.
10:23 of 2nd period - John Tavares wins face-off versus Joel Eriksson Ek in BANFF WOLVES zone.
10:55 of 2nd period - Shot by Mathieu Joseph.
10:55 of 2nd period - Stopped by Jordan Binnington without a rebound.
10:56 of 2nd period - Ivan Barbashev wins face-off versus Jordan Staal in BANFF WOLVES zone.
11:58 of 2nd period - Shot by Kasperi Kapanen.
11:58 of 2nd period - Shot Blocked by Miro Heiskanen.
12:01 of 2nd period - Icing by Miro Heiskanen.
12:02 of 2nd period - Joel Eriksson Ek wins face-off versus John Tavares in BANFF WOLVES zone.
12:50 of 2nd period - Shot by Miro Heiskanen.
12:50 of 2nd period - Goal by Miro Heiskanen - SASKATOON DUCKS : 2 - BANFF WOLVES : 2.
12:51 of 2nd period - Sidney Crosby wins face-off versus Elias Lindholm in neutral zone.
12:51 of 2nd period - Jake Guentzel is hit by Elias Lindholm and loses puck.
13:14 of 2nd period - Shot by Artemi Panarin.
13:14 of 2nd period - Stopped by Petr Mrazek without a rebound.
13:15 of 2nd period - Nils Aman wins face-off versus Adam Henrique in SASKATOON DUCKS zone.
13:26 of 2nd period - Adam Henrique is hit by Simon Benoit and loses puck.
13:37 of 2nd period - Shot by Kailer Yamamoto.
13:37 of 2nd period - Goal by Kailer Yamamoto - SASKATOON DUCKS : 3 - BANFF WOLVES : 2.
13:38 of 2nd period - Sidney Crosby wins face-off versus Elias Lindholm in neutral zone.
13:44 of 2nd period - Jake Guentzel is hit by Roman Josi and loses puck.
13:49 of 2nd period - Shot by Sidney Crosby.
13:49 of 2nd period - Stopped by Jordan Binnington with a rebound.
13:51 of 2nd period - Shot by Jake Sanderson.
13:51 of 2nd period - Shot Misses the Net.
13:53 of 2nd period - Shot by Jake Sanderson.
13:53 of 2nd period - Stopped by Jordan Binnington without a rebound.
13:54 of 2nd period - Joel Eriksson Ek wins face-off versus Ryan Strome in BANFF WOLVES zone.
14:10 of 2nd period - John Tavares is hit by Quinton Hughes and loses puck.
14:15 of 2nd period - Shot by John Tavares.
14:15 of 2nd period - Stopped by Jordan Binnington without a rebound.
14:16 of 2nd period - Sidney Crosby wins face-off versus Elias Lindholm in BANFF WOLVES zone.
14:40 of 2nd period - Shot by Elias Lindholm.
14:40 of 2nd period - Shot Misses the Net.
14:42 of 2nd period - Shot by Cam Fowler.
14:42 of 2nd period - Shot Misses the Net.
14:44 of 2nd period - Shot by Roman Josi.
14:44 of 2nd period - Stopped by Petr Mrazek with a rebound.
14:51 of 2nd period - Artemi Panarin is hit by Samuel Girard and loses puck.
15:13 of 2nd period - Icing by Jake Sanderson.
15:14 of 2nd period - Joel Eriksson Ek wins face-off versus Sidney Crosby in SASKATOON DUCKS zone.
15:46 of 2nd period - Off-side.
15:47 of 2nd period - Jordan Staal wins face-off versus Mathieu Joseph in neutral zone.
15:49 of 2nd period - Adam Henrique is hit by Mathieu Joseph and loses puck.
15:59 of 2nd period - Icing by Nick Leddy.
16:00 of 2nd period - Jordan Staal wins face-off versus Nils Aman in BANFF WOLVES zone.
16:12 of 2nd period - Ian Cole is hit by Nils Aman and loses puck.
16:59 of 2nd period - Shot by Mathieu Joseph.
16:59 of 2nd period - Shot Misses the Net.
17:23 of 2nd period - Shot by John Tavares.
17:23 of 2nd period - Shot Misses the Net.
17:25 of 2nd period - Shot by Mathieu Joseph.
17:25 of 2nd period - Goal by Mathieu Joseph - SASKATOON DUCKS : 4 - BANFF WOLVES : 2.
17:25 of 2nd period - Joey Daccord enters game.
17:26 of 2nd period - Elias Lindholm wins face-off versus Sidney Crosby in neutral zone.
17:28 of 2nd period - Off-side.
17:29 of 2nd period - Sidney Crosby wins face-off versus Elias Lindholm in neutral zone.
17:46 of 2nd period - Shot by Jake Guentzel.
17:46 of 2nd period - Stopped by Joey Daccord without a rebound.
17:47 of 2nd period - John Tavares wins face-off versus Joel Eriksson Ek in BANFF WOLVES zone.
17:58 of 2nd period - Shot by John Tavares.
17:58 of 2nd period - Shot Misses the Net.
18:42 of 2nd period - Icing by Chris Tanev.
18:43 of 2nd period - John Tavares wins face-off versus Elias Lindholm in SASKATOON DUCKS zone.
18:43 of 2nd period - John Tavares is hit by Elias Lindholm.
18:46 of 2nd period - Mathieu Joseph is hit by Elias Lindholm and loses puck.
18:55 of 2nd period - Shot by Mats Zuccarello.
18:55 of 2nd period - Shot Blocked by Chris Tanev.
19:23 of 2nd period - Shot by Elias Lindholm.
19:23 of 2nd period - Deflect By Mats Zuccarello.
19:23 of 2nd period - Stopped by Petr Mrazek without a rebound.
19:24 of 2nd period - Sidney Crosby wins face-off versus Jordan Staal in SASKATOON DUCKS zone.
19:45 of 2nd period - Shot by Adam Henrique.
19:45 of 2nd period - Stopped by Petr Mrazek with a rebound.
19:49 of 2nd period - Shot by Adam Henrique.
19:49 of 2nd period - Stopped by Petr Mrazek without a rebound.
19:50 of 2nd period - Nils Aman wins face-off versus Joel Eriksson Ek in SASKATOON DUCKS zone.
Goals for this period are 2 for SASKATOON DUCKS vs 1 for BANFF WOLVES.
Shots for this period are 10 for SASKATOON DUCKS vs 9 for BANFF WOLVES.

3rd period


0:01 of 3rd period - Ivan Barbashev wins face-off versus Elias Lindholm in neutral zone.
1:16 of 3rd period - Kailer Yamamoto is hit by Roman Josi and loses puck.
1:38 of 3rd period - Jaycob Megna is hit by Cam Fowler and loses puck.
1:43 of 3rd period - Shot by Kasperi Kapanen.
1:43 of 3rd period - Shot Blocked by Cam Fowler.
1:45 of 3rd period - Shot by Jaycob Megna.
1:45 of 3rd period - Stopped by Joey Daccord without a rebound.
1:46 of 3rd period - Jordan Staal wins face-off versus John Tavares in BANFF WOLVES zone.
2:23 of 3rd period - Icing by Nick Leddy.
2:24 of 3rd period - Sidney Crosby wins face-off versus Jordan Staal in BANFF WOLVES zone.
2:24 of 3rd period - Sidney Crosby is hit by Ian Cole.
2:27 of 3rd period - Minor Penalty to Nick Leddy for Cross-checking.
2:28 of 3rd period - Sidney Crosby wins face-off versus Joel Eriksson Ek in BANFF WOLVES zone.
2:50 of 3rd period - Shot by Sidney Crosby.
2:50 of 3rd period - Stopped by Joey Daccord without a rebound.
2:51 of 3rd period - Elias Lindholm wins face-off versus Ryan Strome in BANFF WOLVES zone.
3:01 of 3rd period - Icing by Ivan Barbashev.
3:02 of 3rd period - Ryan Strome wins face-off versus Elias Lindholm in SASKATOON DUCKS zone.
3:02 of 3rd period - Ryan Strome is hit by Adam Henrique.
4:25 of 3rd period - Shot by Jake Guentzel.
4:25 of 3rd period - Shot Misses the Net.
4:33 of 3rd period - Shot by Nils Aman.
4:33 of 3rd period - Shot Hit the Post.
4:45 of 3rd period - Shot by Joel Eriksson Ek.
4:45 of 3rd period - Stopped by Petr Mrazek without a rebound.
4:46 of 3rd period - Ivan Barbashev wins face-off versus Elias Lindholm in SASKATOON DUCKS zone.
4:46 of 3rd period - Ivan Barbashev is hit by Mats Zuccarello.
5:46 of 3rd period - Shot by Ryan Strome.
5:46 of 3rd period - Shot Misses the Net.
6:12 of 3rd period - Shot by Timo Meier.
6:12 of 3rd period - Stopped by Petr Mrazek without a rebound.
6:13 of 3rd period - Nils Aman wins face-off versus Jordan Staal in SASKATOON DUCKS zone.
6:34 of 3rd period - Shot by Kasperi Kapanen.
6:34 of 3rd period - Stopped by Joey Daccord without a rebound.
6:35 of 3rd period - Sidney Crosby wins face-off versus Joel Eriksson Ek in BANFF WOLVES zone.
6:37 of 3rd period - Jake Guentzel is hit by Quinton Hughes and loses puck.
7:56 of 3rd period - Shot by Mathieu Joseph.
7:56 of 3rd period - Shot Misses the Net.
8:11 of 3rd period - Icing by Jake Sanderson.
8:12 of 3rd period - Elias Lindholm wins face-off versus John Tavares in SASKATOON DUCKS zone.
8:45 of 3rd period - Shot by Mats Zuccarello.
8:45 of 3rd period - Stopped by Petr Mrazek without a rebound.
8:46 of 3rd period - Tyler Toffoli wins face-off versus Nils Aman in SASKATOON DUCKS zone.
9:01 of 3rd period - Shot by Adam Henrique.
9:01 of 3rd period - Shot Misses the Net.
9:03 of 3rd period - Shot by Adam Henrique.
9:03 of 3rd period - Shot Hit the Post.
9:05 of 3rd period - Shot by Adam Henrique.
9:05 of 3rd period - Shot Misses the Net.
9:11 of 3rd period - Shot by Jordan Staal.
9:11 of 3rd period - Deflect By Adam Henrique.
9:11 of 3rd period - Shot Misses the Net.
9:13 of 3rd period - Shot by Jordan Staal.
9:13 of 3rd period - Shot Misses the Net.
9:15 of 3rd period - Shot by Tyler Toffoli.
9:15 of 3rd period - Shot Blocked by Chris Tanev.
9:58 of 3rd period - Shot by Mats Zuccarello.
9:58 of 3rd period - Stopped by Petr Mrazek without a rebound.
9:59 of 3rd period - Joel Eriksson Ek wins face-off versus Sidney Crosby in SASKATOON DUCKS zone.
10:05 of 3rd period - Icing by Simon Benoit.
10:06 of 3rd period - Joel Eriksson Ek wins face-off versus Jake Guentzel in SASKATOON DUCKS zone.
10:22 of 3rd period - Shot by Jake Guentzel.
10:22 of 3rd period - Stopped by Joey Daccord without a rebound.
10:22 of 3rd period - Minor Penalty to Joey Daccord for Slashing.
10:23 of 3rd period - Elias Lindholm wins face-off versus Ryan Strome in BANFF WOLVES zone.
11:33 of 3rd period - Shot by Sidney Crosby.
11:33 of 3rd period - Stopped by Joey Daccord with a rebound.
11:35 of 3rd period - Shot by Chris Tanev.
11:35 of 3rd period - Stopped by Joey Daccord without a rebound.
11:36 of 3rd period - Sidney Crosby wins face-off versus Joel Eriksson Ek in BANFF WOLVES zone.
12:26 of 3rd period - Off-side.
12:27 of 3rd period - Elias Lindholm wins face-off versus Nils Aman in neutral zone.
12:29 of 3rd period - Off-side.
12:30 of 3rd period - Elias Lindholm wins face-off versus Nils Aman in neutral zone.
13:47 of 3rd period - Shot by Jake Guentzel.
13:47 of 3rd period - Shot Blocked by Roman Josi.
14:39 of 3rd period - Tyler Toffoli is hit by Jaycob Megna.
14:43 of 3rd period - Shot by Adam Henrique.
14:43 of 3rd period - Shot Misses the Net.
14:45 of 3rd period - Shot by Jordan Staal.
14:45 of 3rd period - Shot Blocked by Simon Benoit.
15:01 of 3rd period - Shot by Tyler Toffoli.
15:01 of 3rd period - Stopped by Petr Mrazek without a rebound.
15:02 of 3rd period - John Tavares wins face-off versus Elias Lindholm in SASKATOON DUCKS zone.
15:10 of 3rd period - Minor Penalty to Samuel Girard for High sticking.
15:11 of 3rd period - Elias Lindholm wins face-off versus Kailer Yamamoto in SASKATOON DUCKS zone.
15:30 of 3rd period - Shot by Elias Lindholm.
15:30 of 3rd period - Shot Misses the Net.
15:32 of 3rd period - Shot by Elias Lindholm.
15:32 of 3rd period - Shot Misses the Net.
15:34 of 3rd period - Shot by Quinton Hughes.
15:34 of 3rd period - Stopped by Petr Mrazek without a rebound.
15:35 of 3rd period - Sidney Crosby wins face-off versus Joel Eriksson Ek in SASKATOON DUCKS zone.
15:45 of 3rd period - Off-side.
15:46 of 3rd period - Elias Lindholm wins face-off versus Sidney Crosby in neutral zone.
16:10 of 3rd period - Shot by Mats Zuccarello.
16:10 of 3rd period - Goal by Mats Zuccarello - SASKATOON DUCKS : 4 - BANFF WOLVES : 3.
16:11 of 3rd period - Joel Eriksson Ek wins face-off versus Nils Aman in neutral zone.
16:23 of 3rd period - Icing by Chris Tanev.
16:24 of 3rd period - Jordan Staal wins face-off versus Nils Aman in SASKATOON DUCKS zone.
16:27 of 3rd period - Shot by Tyler Toffoli.
16:27 of 3rd period - Stopped by Petr Mrazek without a rebound.
16:28 of 3rd period - John Tavares wins face-off versus Joel Eriksson Ek in SASKATOON DUCKS zone.
16:28 of 3rd period - John Tavares is hit by Joel Eriksson Ek.
16:36 of 3rd period - Shot by John Tavares.
16:36 of 3rd period - Stopped by Joey Daccord without a rebound.
16:37 of 3rd period - Mathieu Joseph wins face-off versus Joel Eriksson Ek in BANFF WOLVES zone.
16:53 of 3rd period - Shot by Mathieu Joseph.
16:53 of 3rd period - Shot Blocked by Roope Hintz.
17:02 of 3rd period - Off-side.
17:03 of 3rd period - Sidney Crosby wins face-off versus Jordan Staal in neutral zone.
17:20 of 3rd period - Shot by Jake Guentzel.
17:20 of 3rd period - Shot Misses the Net.
17:47 of 3rd period - Shot by Tyler Toffoli.
17:47 of 3rd period - Shot Misses the Net.
18:25 of 3rd period - Shot by Joel Eriksson Ek.
18:25 of 3rd period - Shot Misses the Net.
18:27 of 3rd period - Shot by Roope Hintz.
18:27 of 3rd period - Goal by Roope Hintz - SASKATOON DUCKS : 4 - BANFF WOLVES : 4.
18:28 of 3rd period - Elias Lindholm wins face-off versus John Tavares in neutral zone.
18:36 of 3rd period - Minor Penalty to Jake Sanderson for Roughing.
18:37 of 3rd period - Elias Lindholm wins face-off versus Kailer Yamamoto in SASKATOON DUCKS zone.
Goals for this period are 0 for SASKATOON DUCKS vs 2 for BANFF WOLVES.
Shots for this period are 7 for SASKATOON DUCKS vs 9 for BANFF WOLVES.

Overtime #1


0:01 of 1st overtime period - Elias Lindholm wins face-off versus Sidney Crosby in neutral zone.
1:46 of 1st overtime period - Shot by Elias Lindholm.
1:46 of 1st overtime period - Shot Blocked by Ivan Barbashev.
3:01 of 1st overtime period - Off-side.
3:02 of 1st overtime period - Joel Eriksson Ek wins face-off versus Sidney Crosby in neutral zone.
3:22 of 1st overtime period - Shot by John Tavares.
3:22 of 1st overtime period - Shot Misses the Net.
3:24 of 1st overtime period - Shot by Sidney Crosby.
3:24 of 1st overtime period - Goal by Sidney Crosby - SASKATOON DUCKS : 5 - BANFF WOLVES : 4.
Goals for this period are 1 for SASKATOON DUCKS vs 0 for BANFF WOLVES.
Shots for this period are 1 for SASKATOON DUCKS vs 0 for BANFF WOLVES.


OWEN
TIPPETT
GUSTAV
FORSLING
MATTHEW
BOLDY

EAST COAST

HOCKEY LEAGUE

  • 67.PIT4RHI2
  • 68.ATL5WOR3
  • 69.QUECHW
  • 70.CHATRV